AoeStats
← 西门大官人

Nomad

510092072Analyzed
4v4 RM · 3d ago on Sep 29, 2026· 42m 32s· 8 players
Game mode
Random Map
Map size
231×231
Population
200
Speed
Normal
Resources
Standard
Victory
Conquest
Starting age
Dark Age
Ending age
Imperial Age
RankedLock teamsTeams togetherTeam positionsShared explorationLock speedFull tech treeHidden civsTurbo modeCheats
Victory
Defeat
🇨🇳 Berbers · China
1408
+9
🇨🇳 Maya · China
1393
+9
🇪🇸 Italians · Spain
1337
+11
🇨🇳 Persians · China
1318
+12
🇹🇼 Spanish · Taiwan
1297
-12
🇹🇼 Koreans · Taiwan
1240
-11
🇹🇼 Persians · Taiwan
1235
-10
🇹🇼 Malians · Taiwan
1181
-8
crux_dy164
11:04 Loom
14:11 Feudal Age
15:11 Double-Bit Axe
17:37 Castle Age
18:39 Town Watch
19:52 Town Patrol
21:05 Medium Warships
21:29 Forging
Aspirante
6:03 Loom
13:16 Feudal Age
17:01 Castle Age
16:04 Double-Bit Axe
16:16 Fletching
23:32 Murder Holes
32:13 Bodkin Arrow
42:05 Ballistics
西门大官人
6:12 Loom
13:23 Feudal Age
15:14 Wheelbarrow
14:46 Double-Bit Axe
18:32 Castle Age
17:02 Stone Mining
21:50 Horse Collar
25:36 Gold Mining
27:27 Hand Cart
29:11 Town Watch
30:39 Fletching
33:32 Imperial Age
31:04 Fishing Lines
32:16 Stone Shaft Mining
31:52 Bow Saw
31:43 Heavy Plow
31:45 Scale Mail Armor
33:36 Chain Mail Armor
33:32 Forging
33:24 Squires
32:45 Eagle Warrior
33:29 Squires
33:15 Arson
33:44 Elite Eagle Warrior
34:46 Conscription
35:57 Holcans
36:33 Plate Mail Armor
36:40 Iron Casting
38:15 Ballistics
38:57 Chemistry
37:23 Pikeman
39:59 Blast Furnace
40:14 Treadmill Crane
40:45 Masonry
41:12 Bodkin Arrow
42:01 Bracer
42:02 Padded Archer Armor
42:34 Architecture
42:36 Crop Rotation
43:07 Two-Man Saw
42:02 Halberdier
勇敢牛牛
12:33 Feudal Age
16:25 Castle Age
14:44 Double-Bit Axe
17:15 Bow Saw
17:21 Horse Collar
18:35 Wheelbarrow
20:39 Gold Mining
22:09 Loom
22:55 Bloodlines
26:01 Scale Barding Armor
26:36 Husbandry
27:58 Gold Shaft Mining
28:45 Chain Barding Armor
29:33 Forging
29:59 Stone Mining
30:58 Iron Casting
40:23 Imperial Age
42:28 Plate Barding Armor
41:52 Heavy Camel Rider
橋本真也
5:54 Loom
14:46 Feudal Age
19:03 Castle Age
18:35 Double-Bit Axe
18:36 Horse Collar
20:38 Medium Warships
20:46 Bow Saw
24:48 Fishing Lines
28:22 Fletching
29:36 Murder Holes
32:17 Wheelbarrow
32:20 Heavy Plow
33:17 Bodkin Arrow
37:50 Imperial Age
36:24 Ballistics
37:31 Hand Cart
38:14 Gold Mining
andyz070300
13:54 Feudal Age
17:24 Castle Age
15:49 Stone Mining
19:55 Scale Mail Armor
20:49 Forging
27:16 Double-Bit Axe
29:25 Bow Saw
30:28 Fletching
GARCIA1979
6:07 Loom
14:04 Feudal Age
18:13 Castle Age
19:19 Medium Warships
19:42 Scale Mail Armor
22:38 Chain Mail Armor
22:45 Horse Collar
22:53 Double-Bit Axe
24:04 Wheelbarrow
24:59 Bow Saw
25:40 Fishing Lines
27:20 Gillnets
29:05 Gold Mining
29:15 Stone Mining
30:41 Heavy Plow
32:32 Bloodlines
32:22 Husbandry
36:58 Imperial Age
34:45 Hand Cart
34:16 Town Watch
39:49 Two-Man Saw
38:14 Elite Conquistador
39:15 Conscription
小小財
14:06 Feudal Age
20:13 Castle Age
18:54 Double-Bit Axe
23:48 Bow Saw
23:39 Fletching
24:50 Bodkin Arrow
28:15 Loom
29:25 Wheelbarrow
31:52 Gold Mining
31:53 Stone Mining
32:32 Hand Cart
41:08 Imperial Age
42:15 Eupseong
Connection lost

Rejoining the realm…

Still unreachable

The connection could not be restored.

Session expired

The server has moved on; the page needs a fresh start.